 Dungeon Crawl Stone Soup version 0.19.0-9-gfd783f2 (webtiles) character file.

94 LORDOFBUTT the Sneak (level 4, 0/33 HPs)
             Began as a Spriggan Assassin on Nov 7, 2016.
             Succumbed to an adder's poison
             ... on level 3 of the Dungeon.
             The game lasted 00:02:54 (1985 turns).

LORDOFBUTT the Sneak (Spriggan Assassin)            Turns: 1985, Time: 00:02:56

Health: 0/33       AC: 22    Str:  7    XL:     4   Next: 38%
Magic:  5/5        EV:  4    Int: 12    God:
Gold:   197        SH:  0    Dex: 18    Spells: 0 memorised, 3 levels left

rFire  . . .     SeeInvis +     a - +2 dagger
rCold  . . .     Gourm    .     (armour currently unavailable)
rNeg   + + +     Faith    .     (shield restricted)
rPois  +         Spirit   .     (helmet currently unavailable)
rElec  .         Reflect  .     (cloak currently unavailable)
rCorr  .         Harm     .     (gloves unavailable)
MR     .....     NoTele   +     (boots unavailable)
Stlth  ++++......               (no amulet)
                                (no ring)
                                (no ring)

@: lethally poisoned (0 -> -1), exhausted, tree-form, very slightly
contaminated, hasted and slowed
A: unfitting armour, see invisible, herbivore 3, (speed 0), slow metabolism 2
a: no special abilities


You were on level 3 of the Dungeon.
You were not hungry.
You were a tree.
You visited 1 branch of the dungeon, and saw 3 of its levels.

You collected 197 gold pieces.

Inventory:

Hand Weapons
 a - a +2 dagger (weapon)
 b - a +0 blowgun
Missiles
 e - 8 poisoned needles
 f - a curare-tipped needle
Armour
 c - a +0 robe (melded)
 d - a +0 cloak (melded)
Scrolls
 h - a scroll of recharging {unknown}
 l - 4 scrolls of identify {unknown}
 n - 3 scrolls of remove curse {unknown}
 o - a scroll of random uselessness {unknown}
 p - a scroll of enchant armour {unknown}
Potions
 m - 2 potions of lignification
Comestibles
 g - 2 bread rations


   Skills:
 - Level 1.5 Fighting
 + Level 3.6 Short Blades
 - Level 2.0 Throwing
 - Level 1.5 Dodging
 * Level 7.9 Stealth


You had 3 spell levels left.
You didn't know any spells.

Dungeon Overview and Level Annotations

Branches:
Dungeon (3/15)

Altars:
Makhleb
Zin
The Shining One


Innate Abilities, Weirdness & Mutations

You are very small and have problems with some larger weapons.
You are too small for most types of armour.
You have supernaturally acute eyesight. (SInv)
You are a herbivore.
((You cover ground extremely quickly.))
You need consume almost no food.


Message History

It was a potion of berserk rage.
A red film seems to cover your vision as you go berserk!
You feel yourself moving faster!
You feel mighty!
You cannot move.
You start resting.
You feel a strong urge to attack something.
You start resting.
You feel your anger subside.
You start resting.
You are no longer berserk.
You are exhausted.
You feel yourself slow down.
* * * LOW HITPOINT WARNING * * *
You feel sick.
There is a lethal amount of poison in your body!
There is a lethal amount of poison in your body!
Unknown command.
* * * LOW HITPOINT WARNING * * *
You feel sick.
You die...

#.###....... #.#
#....... #.#
#....#..
#######)######.#.#
...............+.#
#######.#####..#.#
#.#.### #..#.#
#####.....# #....
#♣........# #..#.
#)###.....# #..#
####'###.....#
#..#
#.....##.....#
#..###
#.....'......#
#..#..
#.....##.....#
#.)#.# .
#.....+......#
#..#.#
...#.....##.....#
#..#.#
#.$......###....#
#..#.#


There were no monsters in sight!

Vanquished Creatures
  4 adders
  A leopard gecko (D:2)
  3 orcs (D:3)
  A giant cockroach (D:3)
  8 goblins
  3 hobgoblins
  6 jackals
  2 quokkas (D:2)
  7 bats
  5 frilled lizards
  8 kobolds
  5 rats
53 creatures vanquished.

Notes
Turn   | Place    | Note
-------+----------+-------------------------------------------
     0 | D:1      | LORDOFBUTT the Spriggan Assassin began the quest for the Orb.
     0 | D:1      | Reached XP level 1. HP: 10/10 MP: 2/2
   114 | D:1      | Reached skill level 6 in Stealth
   549 | D:1      | Reached XP level 2. HP: 13/14 MP: 3/3
   867 | D:2      | Found a glowing golden altar of the Shining One.
   965 | D:2      | Reached XP level 3. HP: 18/18 MP: 4/4
  1003 | D:2      | Reached skill level 7 in Stealth
  1229 | D:2      | Found a burning altar of Makhleb.
  1424 | D:3      | Noticed a phantom
  1554 | D:3      | Reached XP level 4. HP: 22/22 MP: 5/5
  1774 | D:3      | Found a glowing silver altar of Zin.
  1981 | D:3      | HP: 1/33 [poisoned by an adder]
  1985 | D:3      | Succumbed to an adder's poison

Skill      XL: |  1  2  3 |
---------------+----------+-----
Stealth        | 6 7 |  7.9
Short Blades   | 3 |  3.6
Fighting       | |  1.5
Throwing       | |  2.0
Dodging        | |  1.5

Action                   |  1- 3 |  4- 6 || total
-------------------------+-------+-------++-------
Melee: Dagger            |   106 |    67 ||   173
 Fire: Blowgun           |     2 |       ||     2
  Use: Potion            |       |     4 ||     4
 Stab: Sleeping          |    14 |     5 ||    19
Armor: Robe              |    15 |     9 ||    24
Dodge: Dodged            |    68 |    44 ||   112
